 Dungeon Crawl Stone Soup version 0.27-a0-906-g0a00ce863d (webtiles) character file.

Game seed: 16723997426114493735

9 Alarkh the Insei (level 2, 16/22 HPs)
             Began as a Demonspawn Gladiator on Apr 6, 2021.
             Got out of the dungeon alive.
             The game lasted 00:00:19 (620 turns).

Alarkh the Insei (Demonspawn Gladiator)              Turns: 620, Time: 00:00:20

Health: 16/22      AC:  3    Str: 14    XL:     2   Next: 3%
Magic:  2/2        EV: 12    Int:  9    God:
Gold:   32         SH:  0    Dex: 14    Spells: 1/1 levels left

rFire    . . .     SeeInvis +     - Unarmed
rCold    . . .     Faith    .   (no shield)
rNeg     . . .     Spirit   .   a - +0 leather armour
rPois    .         Reflect  .   (helmet restricted)
rElec    .         Harm     .   (no cloak)
rCorr    .         Rampage  .   (no gloves)
Will     .....                  (no boots)
Stlth    +.........             (no amulet)
HPRegen  0.07/turn              d - ring of see invisible
MPRegen  0.08/turn              (no ring)

@: no status effects
A: horns 1
a: no special abilities


You escaped.
You visited 1 branch of the dungeon, and saw 1 of its levels.

You collected 32 gold pieces.

Inventory:

Missiles
 c - 3 throwing nets (quivered)
Armour
 a - a +0 leather armour (worn)
 b - a +0 helmet
Jewellery
 d - a ring of see invisible (left hand)
Scrolls
 f - a scroll of enchant weapon {unknown}
 h - a scroll of teleportation {unknown}
Potions
 e - 2 potions of curing {unknown}
 g - a potion of brilliance {unknown}


   Skills:
 + Level 2.2 Fighting
 - Level 1.7 Throwing
 - Level 2.6 Dodging
 * Level 3.1 Unarmed Combat


You had one spell level left.
You didn't know any spells.
Your spell library was empty.

Dungeon Overview and Level Annotations

Branches:
Dungeon (1/15)

Altars:


Innate Abilities, Weirdness & Mutations

You have a pair of small horns on your head.


Message History

There is an open door here.
There is a stone staircase leading down here.
A quokka comes into view.
A quokka is nearby!
A quokka is nearby!
You barely miss the quokka. The quokka bites you.
You hit the quokka.
The quokka is moderately wounded.
The quokka bites you but does no damage.
The quokka barely misses you.
You barely miss the quokka.
The quokka is lightly wounded.
The quokka bites you.
You hit the quokka but do no damage.
The quokka is lightly wounded.
The quokka bites you but does no damage.
You hit the quokka but do no damage.
The quokka is lightly wounded.
The quokka barely misses you.
You hit the quokka but do no damage.
The quokka is lightly wounded.
The quokka closely misses you.
You hit the quokka but do no damage.
The quokka is lightly wounded.
The quokka bites you.
You hit the quokka.
The quokka is severely wounded.
The quokka bites you. The quokka misses you.
You closely miss the quokka.
The quokka is severely wounded.
The quokka closely misses you.
You hit the quokka.
You kill the quokka!
You have reached level 2!
Your demonic ancestry asserts itself...
A pair of horns grows on your head!
Your +0 helmet falls away!
There is a staircase leading out of the dungeon here.
Are you sure you want to leave the Dungeon?
This will make you lose the game!
You have escaped!

#..#..........# #......#.# #.##.
..##..........# #......#.# #....
####..........######.##...# #.##.
####......##..........##..# #.##.
##............≈≈≈§≈≈≈.##..###.##.
......#...###.≈.....≈.#..........
......#.............≈.#...###.###
......###..≈≈≈§≈≈≈..≈.#........#
.......##..≈....@≈..≈.#.#.###..#
.......##..≈..≈.....§.#.#......#.
.......###.≈..≈≈≈≈≈§≈.#.#..#...#.
.......# #.≈..........#.#......#.
.......###.≈.§...≈.####.##..#.##.
.......##..≈≈≈§≈≈≈.# #........#.
......###...§......#..#........#.
.....####.##.#.....#..#.###...##.
.......##..........#.....###.....


There were no monsters in sight!

Vanquished Creatures
  2 ball pythons (D:1)
  A hobgoblin (D:1)
  2 jackals (D:1)
  A quokka (D:1)
  2 bats (D:1)
8 creatures vanquished.

Notes
Turn   | Place    | Note
-------+----------+-------------------------------------------
     0 | D:1      | Alarkh the Demonspawn Gladiator began the quest for the
                  | Orb.
     0 | D:1      | Reached XP level 1. HP: 16/16 MP: 1/1
   287 | D:1      | Reached skill level 3 in Unarmed Combat
   585 | D:1      | Gained mutation: You have a pair of small horns on your
                  | head. [demonic ancestry]
   585 | D:1      | Reached XP level 2. HP: 13/22 MP: 2/2
   620 | D:$      | Got out of the dungeon alive.

Illustrated notes

Levels and vault maps discovered:
D:1:      ebering_hopf_link, layout_basic, glass_columns_a, corexii_corridor_pit

Skill      XL: |  1 |
---------------+----+-----
Unarmed Combat | 3 |  3.1
Fighting       | |  2.2
Throwing       | |  1.7
Dodging        | |  2.6

Action                   || total
-------------------------++-------
Melee: Unarmed           ||    47
 Stab: Sleeping          ||     2
Armor: Leather armour    ||    17
Dodge: Dodged            ||    37

Table legend: (Time is in decaauts)
 A = Elapsed time spent in this place.
 B = Non-inter-level travel time spent in this place.
 C = Inter-level travel time spent in this place.
 D = Time resting spent in this place.
 E = Time spent auto-exploring this place.
 F = Levels seen in this place.
 G = Mean time per level.
                   A        B        C        D        E       F      G
               +--------+--------+--------+--------+--------+-----+--------+
         Total |    616 |    582 |     34 |      0 |    513 |   1 |  616.0 |
       Dungeon |    616 |    582 |     34 |      0 |    513 |   1 |  616.0 |
               +--------+--------+--------+--------+--------+-----+--------+

Top non-repeatable levels by time:
     D:1: 616 daAuts
